 Dungeon Crawl Stone Soup version 0.30.1-3-gfc49f6343a (webtiles) character file.

Game seed: 2882406563883055933

124010 Wiggles the Executioner (level 16, -8/161 HPs)
             Began as a Minotaur Berserker on Aug 8, 2023.
             Was a High Priest of Trog.
             Mangled by a merfolk impaler
             ... wielding a +1 trident of protection
              (14 damage)
             ... on level 2 of the Shoals.
             The game lasted 00:51:34 (24459 turns).

Wiggles the Executioner (Minotaur Berserker)       Turns: 24459, Time: 00:51:34

Health: -8/161     AC: 30    Str: 32    XL:     16   Next: 38%
Magic:  15/15      EV: 10    Int: 10    God:    Trog [*****.]
Gold:   1198       SH:  0    Dex:  6    Spells: 15/15 levels left

rFire   . . .        y - +6 battleaxe (heavy)
rCold   + + +        (shield currently unavailable)
rNeg    + . .        v - +4 plate armour
rPois   .            M - +1 hat
rElec   .            R - scarf {repulsion}
rCorr   .            d - +2 pair of gloves of Midwinter {Str+3}
SInv    .            u - +2 pair of boots
Will    +....        H - amulet "Pinec" {rC+++ Regen+ Dex-5 Slay+2 Stlth+} Stlth
                     U - ring of positive energy
HPRegen 1.26/turn    l - +6 ring of intelligence
MPRegen 0.14/turn

%: repel missiles
@: marked
A: horns 2, retaliatory headbutt
a: Renounce Religion, Berserk, Trog's Hand, Brothers in Arms


You were on level 2 of the Shoals.
You worshipped Trog.
Trog was extremely pleased with you.
You visited 4 branches of the dungeon, and saw 24 of its levels.

You collected 2359 gold pieces.
You spent 1161 gold pieces at shops.

Inventory:

Hand Weapons
 y - a +6 heavy battleaxe (weapon)
Missiles
 D - 2 throwing nets (quivered)
Armour
 d - the +2 pair of gloves of Midwinter (worn) {Str+3}
   (You found it on level 13 of the Dungeon)

   Str:       It affects your strength (+3).
 u - a +2 pair of boots (worn)
 v - a +4 plate armour (worn)
 M - a +1 hat (worn)
 R - a scarf of repulsion (worn)
Jewellery
 a - a ring of positive energy
 b - a ring of ice
 l - a +6 ring of intelligence (right hand)
 p - a +5 ring of evasion
 w - a ring of see invisible
 G - a ring of resist corrosion
 H - the amulet "Pinec" (around neck) {rC+++ Regen+ Dex-5 Slay+2 Stlth+}
   (You acquired it on level 15 of the Dungeon)

   [amulet of regeneration]

   Dex:       It affects your dexterity (-5).
   Slay:      It affects your accuracy & damage with ranged weapons and melee
   (+2).
   rC:        It renders you almost immune to cold.
   Regen:     It increases your rate of health regeneration.
   Stlth:     It makes you more stealthy.
 T - a ring of magical power
 U - a ring of positive energy (left hand)
Wands
 q - a wand of roots (39)
 t - a wand of polymorph (9)
 C - a wand of charming (22)
 F - a wand of quicksilver (9)
 J - a wand of mindburst (14)
 N - a wand of flame (34)
Scrolls
 c - 3 scrolls of silence
 f - 3 scrolls of magic mapping
 g - 3 scrolls of poison
 j - 5 scrolls of fog
 m - 5 scrolls of butterflies
 r - 3 scrolls of blinking
 s - 12 scrolls of teleportation
 z - 3 scrolls of fear
 P - 8 scrolls of identify
 S - a scroll of immolation
Potions
 e - a potion of lignification
 h - 4 potions of ambrosia
 n - 7 potions of mutation
 o - 2 potions of haste
 x - 2 potions of flight
 A - a potion of cancellation
 B - 3 potions of might
 E - a potion of resistance
 I - 2 potions of heal wounds
 K - 3 potions of invisibility
 L - a potion of berserk rage
Miscellaneous
 i - a phial of floods
 k - a piece from Xom's chessboard (15/15)
 O - a lightning rod (4/4)


   Skills:
 + Level 19.4 Fighting
 + Level 22.8 Axes
 + Level 17.6 Armour
 + Level 5.3 Dodging
 + Level 3.1 Stealth
 + Level 2.3 Evocations


You had 15 spell levels left.
You didn't know any spells.
Your spell library was empty.

Dungeon Overview and Level Annotations

Branches:
Dungeon (15/15)            Temple (0/1) D:5            Lair (5/5) D:11
 Shoals (2/4) Lair:3        Snake (0/4) Lair:3        Slime (0/5) Lair:5
    Orc (2/2) D:9             Elf (0/3) Orc:2        Vaults (0/5) D:14
 Depths (0/4) D:15

Altars:
Ashenzari
Dithmenos
Elyvilon
Fedhas
Gozag
Kikubaaqudgha
Makhleb
Nemelex Xobeh
Okawaru
Qazlal
Ru
Sif Muna
Trog
Uskayaw
Wu Jian
Yredelemnul
Zin
The Shining One
Jiyva

Shops:
D:2 :!=:   D:3 ([![   D:8 :   D:15 [*   Orc:1 [   Orc:2 ![([

Annotations:
Shoals:2 3 runed translucent doors, exclusion: obsidian statue, Xoroc's ghost, adept HuFi


Innate Abilities, Weirdness & Mutations

You have a pair of horns on your head.
You reflexively headbutt those who attack you in melee.


Message History

The merfolk impaler hits you from afar with a +1 trident of protection!
The merfolk impaler barely misses you. The merfolk closely misses you.
The merfolk impaler barely misses you.
The merfolk impaler hits you from afar with a +0 trident.
A harpy comes into view.
The sea snake barely misses you. You furiously retaliate!
You headbutt the sea snake.
You feel very sick.
A harpy comes into view.
The harpy claws you but does no damage. x2
The merfolk impaler hits you from afar with a +1 trident of protection!
The merfolk impaler hits you but does no damage.
The sea snake bites you!
* * * LOW HITPOINT WARNING * * *
You are more poisoned.
The sea snake poisons you! The merfolk barely misses you.
The merfolk impaler hits you but does no damage. x3
The merfolk impaler hits you from afar with a +1 trident of protection!
* * * LOW HITPOINT WARNING * * *
The sea snake completely misses you. You furiously retaliate!
You headbutt the sea snake!
You kill the sea snake!
Trog accepts your kill.
* * * LOW HITPOINT WARNING * * *
You feel extremely sick. The harpy claws you.
* * * LOW HITPOINT WARNING * * *
The harpy closely misses you.
The merfolk throws a boomerang.
The boomerang hits you but does no damage.
A snapping turtle comes into view.
The merfolk impaler hits you with a +1 trident of protection.
* * * LOW HITPOINT WARNING * * *
The merfolk impaler hits you with a +0 trident!
* * * LOW HITPOINT WARNING * * *
You feel better. The harpy claws you but does no damage.
The harpy completely misses you. The harpy claws you.
* * * LOW HITPOINT WARNING * * *
The harpy claws you but does no damage. x3
The merfolk impaler hits you with a +1 trident of protection!
You die...

≈≈≈≈≈≈≈≈≈≈~~...#
≈≈≈≈≈~~..~~....##
≈≈≈≈≈~~.........###.
≈≈≈≈≈≈~~~....)......
≈≈≈≈≈≈~~....tH......
≈≈≈≈≈≈~~............
≈≈≈≈≈≈mm....)....#
≈≈≈≈≈≈≈~@m......##W8
≈≈≈≈≈≈≈H.H..<...#mmc
≈≈≈≈≈≈≈~H.......+SS$
≈≈≈≈≈≈≈≈~.......+E_8
≈≈≈≈≈≈≈≈~~......+$$$
≈≈≈≈≈≈≈≈~~...$..#$.$
≈≈≈≈≈≈≈≈~~~....t##.8
≈≈≈≈≈≈≈≈≈~~~....~###
≈≈≈≈≈≈≈≈≈≈~~~~~~~~


You could see 2 merfolk impalers, 2 snapping turtles, a merfolk, a manticore and
3 harpies.

Vanquished Creatures
  Rupert (D:13)
  Jorgrun (Shoals:1)
  Frances (D:13)
  Gastronok (Lair:1)
  Kirke (D:13)
  A frost giant (D:13)
  A stone giant (D:15)
  An ironbound preserver (D:14)
  An ettin (Orc:1)
  6 hydras
  A merfolk avatar (Shoals:2)
  3 ogre magi
  A merfolk aquamancer (Shoals:1)
  2 catoblepae
  A rakshasa (D:15)
  7 centaur warriors
  A death knight (D:14)
  13 two-headed ogres
  5 tengu warriors
  3 death yaks (Lair:2)
  4 boulder beetles
  2 sun demons (Shoals:1)
  Urug (Lair:2)
  Sonja (D:13)
  A skyshark (Shoals:1)
  3 skeletal warriors (D:15)
  3 sea snakes
  A wizard (D:15)
  Pikel (D:4)
  A deep elf pyromancer (D:13)
  10 orc knights
  2 phantasmal warriors
  A lindwurm (Lair:5)
  A harpy (Lair:3)
  5 ugly things
  An orc sorcerer (Orc:1)
  7 cyclopes
  6 fauns (Shoals:1)
  6 manticores
  Maurice (D:13)
  6 elephants (Lair:5)
  2 merfolk sirens
  7 black mambas
  2 water nymphs (Shoals:1)
  A slime creature (D:12)
  5 gargoyles
  9 cane toads
  A torpor snail (Lair:5)
  An unseen horror (shapeshifter) (D:13)
  5 rime drakes
  13 komodo dragons
  5 kobold demonologists
  2 yaktaurs (D:15)
  2 unseen horrors
  2 ice devils (D:9)
  A tengu conjurer (D:9)
  2 efreet
  3 freezing wraiths
  A queen bee (D:10)
  A yaktaur (shapeshifter) (D:15)
  A meliai (shapeshifter) (D:13)
  9 trolls
  A merfolk (Shoals:1)
  5 polar bears (Lair:5)
  A polar bear (shapeshifter) (D:13)
  6 hornets (Lair:5)
  Prince Ribbit (D:9)
  5 blink frogs (Lair:3)
  9 dream sheep
  2 snapping turtles (Shoals:1)
  2 centaur simulacra
  A vampire (D:11)
  9 spriggans (Lair:5)
  4 wraiths
  3 water elementals (Shoals:1)
  8 wyverns
  A fire elemental (D:9)
  2 hogs (D:13)
  42 yaks
  A human (D:7)
  A human (shapeshifter) (D:13)
  A steam dragon (D:7)
  5 basilisks
  6 wargs (Orc:2)
  2 nagas (Lair:3)
  3 acid dragons
  11 water moccasins
  3 ice beasts
  30 orc warriors
  5 black bears
  21 centaurs
  8 ogres
  3 boggarts (Lair:5)
  25 wolves (Lair:5)
  The ghost of turdburglar the Nimble, an amateur GnWn (D:3)
  3 lemures (D:4)
  A phantom (D:7)
  5 kobold brigands
  2 scorpions
  16 bullfrogs
  8 wights (D:8)
  33 killer bees
  A vampire bat (D:4)
  2 electric eels (Lair:5)
  7 howler monkeys
  Crazy Yiuf (D:7)
  A hound (D:6)
  2 gnoll boudas
  14 orc priests
  2 jellies
  12 iguanas
  2 sleepcaps
  17 orc wizards
  8 gnolls
  7 adders
  A hound simulacrum (D:3)
  4 white imps
  A worm (D:5)
  3 dart slugs
  3 fire bats (D:4)
  An adder simulacrum (D:3)
  73 orcs
  2 spectral bats (D:4)
  6 ball pythons
  3 bat skeletons (D:4)
  A bat zombie (D:4)
  3 endoplasms
  3 giant cockroaches
  5 goblins
  7 hobgoblins
  4 jackals (D:3)
  20 kobolds
  7 quokkas
  A ball python simulacrum (D:3)
  12 bats
  A bat simulacrum (D:4)
  18 frilled lizards
  A jackal simulacrum (D:3)
  A quokka simulacrum (D:3)
  5 rats
749 creatures vanquished.

Vanquished Creatures (collateral kills)
  Nessos (Lair:4)
  A centaur warrior (D:15)
  A two-headed ogre (D:11)
  A satyr (Shoals:1)
  3 death yaks (Lair:2)
  A skeletal warrior (D:15)
  2 slime creatures (D:12)
  A deep elf pyromancer (D:9)
  An orc knight (Orc:2)
  A faun (Shoals:1)
  2 yaktaurs (D:15)
  2 hornets (Lair:5)
  A centaur simulacrum (D:15)
  2 spriggans (Lair:5)
  A fire elemental (D:9)
  A wraith (D:11)
  2 steam dragons (D:9)
  5 orc warriors (Orc:2)
  A wolf (Lair:5)
  A boggart (Lair:5)
  4 centaurs
  4 orcs (Orc:2)
39 creatures vanquished.

Vanquished Creatures (others)
  A wizard (D:7)
  A yaktaur (D:15)
  An acid dragon (D:13)
  A centaur (D:15)
4 creatures vanquished.

Grand Total: 792 creatures vanquished

Notes
Turn   | Place    | Note
-------+----------+-------------------------------------------
     0 | D:1      | Wiggles the Minotaur Berserker began the quest for the Orb.
     0 | D:1      | Reached XP level 1. HP: 19/19 MP: 0/0
   491 | D:1      | Reached XP level 2. HP: 27/27 MP: 1/1
   502 | D:1      | Reached skill level 4 in Axes
  1107 | D:2      | Found Emus's Book Emporium.
  1123 | D:2      | Found Loythruga's Jewellery Boutique.
  1155 | D:2      | Found Qourchur's Book Shoppe.
  1157 | D:2      | Found Cidaigh's Distillery.
  1181 | D:2      | Reached ** piety under Trog
  1238 | D:2      | Reached XP level 3. HP: 33/33 MP: 2/2
  1612 | D:3      | Found Lerr's Antique Armour Emporium.
  1633 | D:3      | Found a burning altar of Makhleb.
  1638 | D:3      | Found Voilunt's Distillery.
  1660 | D:3      | Bought a potion of heal wounds for 65 gold pieces
  1868 | D:3      | Found Mokkace's Weapon Boutique.
  1925 | D:3      | Reached XP level 4. HP: 41/41 MP: 3/3
  1954 | D:3      | Found Kenkug's Antique Armour Shop.
  1988 | D:3      | Found a runed translucent gate.
  2004 | D:3      | Found a runed translucent gate.
  2004 | D:3      | Found a runed translucent gate.
  2021 | D:3      | Reached skill level 5 in Axes
  2298 | D:3      | Noticed turdburglar's ghost (amateur GnWn)
  2343 | D:3      | Killed turdburglar's ghost
  2344 | D:3      | Reached XP level 5. HP: 40/47 MP: 4/4
  2474 | D:4      | Noticed a lemure
  2475 | D:4      | Noticed a lemure
  2475 | D:4      | Noticed a lemure
  2475 | D:4      | Noticed Pikel
  2476 | D:4      | Noticed a lemure
  2486 | D:4      | Killed a lemure
  2487 | D:4      | Killed a lemure
  2488 | D:4      | Killed a lemure
  2491 | D:4      | Killed Pikel
  2492 | D:4      | Reached skill level 5 in Fighting
  2492 | D:4      | Reached skill level 7 in Axes
  2492 | D:4      | Reached skill level 5 in Armour
  2492 | D:4      | Reached skill level 1 in Stealth
  2492 | D:4      | Reached XP level 6. HP: 4/56 MP: 5/5
  2492 | D:4      | Reached XP level 7. HP: 5/61 MP: 6/6
  2747 | D:4      | You fall into a shaft and drop 2 floors!
  2833 | D:6      | Found a sacrificial altar of Ru.
  3006 | D:5      | Entered Level 5 of the Dungeon
  3105 | D:4      | Reached skill level 8 in Axes
  3267 | D:4      | Found a hide-covered altar of Uskayaw.
  3268 | D:4      | Found a white marble altar of Elyvilon.
  3268 | D:4      | Found a shadowy altar of Dithmenos.
  3299 | D:4      | Reached *** piety under Trog
  3392 | D:4      | Found an ornate altar of the Wu Jian Council.
  3724 | D:5      | Found a staircase to the Ecumenical Temple.
  3850 | D:5      | Reached XP level 8. HP: 50/70 MP: 7/7
  3931 | D:5      | Reached skill level 9 in Axes
  4244 | D:5      | Found a blossoming altar of Fedhas.
  4458 | D:6      | Found an ancient bone altar of Kikubaaqudgha.
  4826 | D:6      | Reached skill level 10 in Axes
  5104 | D:7      | Found a sparkling altar of Nemelex Xobeh.
  5188 | D:7      | Found a bloodstained altar of Trog.
  5190 | D:7      | Noticed a wizard
  5194 | D:7      | Killed a wizard
  5414 | D:7      | Found a shimmering blue altar of Sif Muna.
  5505 | D:7      | Found a runed translucent door.
  5542 | D:7      | Found a basalt altar of Yredelemnul.
  5550 | D:7      | Reached XP level 9. HP: 61/79 MP: 8/8
  5621 | D:7      | Reached skill level 11 in Axes
  5667 | D:7      | Found an iron altar of Okawaru.
  5689 | D:7      | Reached **** piety under Trog
  5922 | D:7      | Found a glowing golden altar of the Shining One.
  6119 | D:7      | Found a runed translucent door.
  6120 | D:7      | Noticed Crazy Yiuf
  6356 | D:7      | Killed Crazy Yiuf
  6545 | D:8      | Reached skill level 12 in Axes
  6667 | D:8      | Noticed a two-headed ogre
  6674 | D:8      | Killed a two-headed ogre
  6908 | D:8      | Reached XP level 10. HP: 89/90 MP: 9/9
  6934 | D:8      | Reached skill level 13 in Axes
  6943 | D:8      | Noticed a two-headed ogre
  6947 | D:8      | Killed a two-headed ogre
  7057 | D:8      | Found Vaha's Book Shoppe.
  7493 | D:9      | Found a broken altar of Ashenzari.
  7533 | D:9      | Noticed Prince Ribbit
  7541 | D:9      | Killed Prince Ribbit
  7542 | D:9      | Reached skill level 14 in Axes
  7622 | D:9      | Found a staircase to the Orcish Mines.
  7733 | D:9      | Noticed a white ugly thing
  7737 | D:9      | Killed a white ugly thing
  7748 | D:9      | Noticed a deep elf pyromancer
  7751 | D:9      | Killed a deep elf pyromancer
  7761 | D:9      | Reached skill level 15 in Axes
  7881 | D:9      | Noticed a gargoyle
  7881 | D:9      | Noticed a gargoyle
  7889 | D:9      | Killed a gargoyle
  7896 | D:9      | Killed a gargoyle
  7897 | D:9      | Reached XP level 11. HP: 99/99 MP: 10/10
  8154 | D:9      | Reached skill level 10 in Fighting
  8488 | D:10     | Entered Level 10 of the Dungeon
  8525 | D:10     | Noticed an ogre mage
  8530 | D:10     | Killed an ogre mage
  8538 | D:10     | Noticed a tengu warrior
  8553 | D:10     | HP: 4/99 [tengu warrior/+0 war axe of flaming (5)]
  8553 | D:10     | HP: 1/99 [tengu warrior/+0 war axe of flaming (1)]
  8554 | D:10     | Killed a tengu warrior
  8555 | D:10     | Reached skill level 10 in Armour
  8843 | D:10     | Reached skill level 16 in Axes
  8848 | D:10     | Noticed a two-headed ogre
  8857 | D:10     | Killed a two-headed ogre
  8960 | D:10     | Reached ***** piety under Trog
  9881 | D:10     | Found a stormy altar of Qazlal.
 10046 | D:11     | Noticed a sun demon
 10082 | D:11     | Found a staircase to the Lair.
 10098 | D:11     | Reached skill level 17 in Axes
 10235 | D:11     | Received a gift from Trog
 10487 | D:11     | Reached XP level 12. HP: 110/110 MP: 11/11
 10509 | D:11     | Found a glowing silver altar of Zin.
 10886 | D:11     | Noticed a two-headed ogre
 10886 | D:11     | Noticed a two-headed ogre
 10890 | D:11     | Killed a two-headed ogre
 10893 | D:11     | Killed a two-headed ogre
 11087 | D:12     | Noticed a centaur warrior
 11102 | D:12     | Killed a centaur warrior
 11109 | D:12     | Reached skill level 18 in Axes
 12057 | Lair:1   | Entered Level 1 of the Lair of Beasts
 12584 | Lair:1   | Noticed a catoblepas
 12591 | Lair:1   | Killed a catoblepas
 12682 | Lair:1   | Reached skill level 19 in Axes
 12984 | Lair:1   | Noticed Gastronok
 12997 | Lair:1   | Killed Gastronok
 12998 | Lair:1   | Reached XP level 13. HP: 119/119 MP: 12/12
 13663 | Lair:2   | Noticed Urug
 13675 | Lair:2   | Killed Urug
 14376 | Lair:3   | Found a staircase to the Shoals.
 14381 | Lair:3   | Reached skill level 20 in Axes
 14815 | Lair:3   | Found a staircase to the Snake Pit.
 15086 | Lair:4   | Noticed Nessos
 15111 | Lair:4   | Killed Nessos
 15438 | Lair:4   | Identified the +0 spear of Guilt {heavy, rF+ MP+9}
 15627 | Lair:4   | Received a gift from Trog
 16223 | Lair:4   | Reached XP level 14. HP: 132/132 MP: 13/13
 16372 | Lair:5   | Entered Level 5 of the Lair of Beasts
 16701 | Lair:5   | Reached skill level 15 in Armour
 16928 | Lair:5   | Reached skill level 15 in Fighting
 17315 | Lair:5   | Found a staircase to the Slime Pits.
 17323 | Lair:5   | Found a viscous altar of Jiyva.
 17519 | Lair:5   | Reached skill level 21 in Axes
 17625 | Lair:5   | Received a gift from Trog
 18451 | D:13     | Noticed Rupert
 18463 | D:13     | Killed Rupert
 18602 | D:13     | Noticed Maurice
 18611 | D:13     | Killed Maurice
 18716 | D:13     | Reached skill level 1 in Evocations
 18757 | D:13     | Noticed Sonja
 18780 | D:13     | Killed Sonja
 18955 | D:13     | Noticed Frances
 18961 | D:13     | Killed Frances
 19207 | D:13     | Noticed a frost giant
 19224 | D:13     | Killed a frost giant
 19225 | D:13     | Reached XP level 15. HP: 123/145 MP: 14/14
 19540 | D:13     | Identified the +2 pair of gloves of Midwinter {Str+3}
 19746 | D:13     | Noticed Kirke
 19750 | D:13     | Killed Kirke
 20134 | D:14     | Reached skill level 5 in Dodging
 20134 | D:14     | Received a gift from Trog
 20481 | D:14     | Found a gate to the Vaults.
 20674 | D:15     | Entered Level 15 of the Dungeon
 20742 | D:15     | Found a staircase to the Depths.
 20812 | D:15     | Found Fecih's Antique Armour Shop.
 20853 | D:15     | Reached skill level 22 in Axes
 20859 | D:15     | Identified the +3 dagger "Cuafeick" {flame, rPois rF++
                  | Will+ rCorr}
 20878 | D:15     | Bought a heavily runed plate armour for 896 gold pieces
 20878 | D:15     | Identified the +5 plate armour of Dogma {rN++ Int-5 Dex+2}
                  | (You bought it in a shop on level 15 of the Dungeon)
 21508 | D:15     | Found Awucsa's Assorted Antiques.
 21572 | D:15     | Bought a scroll labelled SETAYXO OSHREA for 30 gold pieces
 21581 | D:15     | Acquired the amulet "Pinec" {rC+++ Regen+ Dex-5 Slay+2
                  | Stlth+}
 21757 | Orc:1    | Entered Level 1 of the Orcish Mines
 21808 | Orc:2    | Entered Level 2 of the Orcish Mines
 21829 | Orc:2    | Received a gift from Trog
 22155 | Orc:2    | Found Xeluamus's Distillery.
 22155 | Orc:2    | Found Jouz's Antique Armour Boutique.
 22206 | Orc:2    | Bought a potion of heal wounds for 85 gold pieces
 22206 | Orc:2    | Bought a potion of heal wounds for 85 gold pieces
 22414 | Orc:1    | Found Ycvymopp's Antique Armour Shop.
 22490 | Orc:1    | Reached XP level 16. HP: 159/159 MP: 15/15
 22925 | Orc:2    | Found Yrrau's Armour Boutique.
 22925 | Orc:2    | Found Vetyzxoh's Antique Weapon Shoppe.
 23095 | Orc:2    | Found a staircase to the Elven Halls.
 23489 | Shoals:1 | Entered Level 1 of the Shoals
 23742 | Shoals:1 | Noticed Jorgrun
 23774 | Shoals:1 | Killed Jorgrun
 24439 | Shoals:2 | Found a runed translucent gate.
 24439 | Shoals:2 | Found a runed translucent gate.
 24439 | Shoals:2 | Found an opulent altar of Gozag.
 24439 | Shoals:2 | Found a runed translucent gate.
 24441 | Shoals:2 | Noticed Xoroc's ghost (adept HuFi)
 24458 | Shoals:2 | HP: 6/161 [merfolk impaler/+0 trident (11)]
 24459 | Shoals:2 | Mangled by a merfolk impaler

Illustrated notes

Levels and vault maps discovered:
D:1:      minmay_arrival_widening_spiral_wide, layout_loops_corners,
          chequers_serial_rivers_micro_c
D:2:      cheibrodos_old_hovel, layout_rooms, serial_corexii_hall,
          chequers_hall_statues_y, chequers_hall_statues_wall_a, serial_shops,
          nicolae_shop_waterfront, nicolae_diamond_shop, shop,
          nicolae_shop_peninsula, grunt_decor_junction,
          kennysheep_generic_room_13
D:3:      layout_loops_ring, mainiacjoe_overflow_catwalk, serial_shops,
          nicolae_shop_hallway_plus, shop_coins, nicolae_square_shop,
          nicolae_shop_rolling_square, gammafunk_ghost_icy
D:4:      layout_basic, nicolae_overflow_quartered_altars, dk_noncrumbling_4,
          goddamned_bats, uniq_pikel
D:5:      layout_gridville, overflow_temple_1_default, minmay_temple_entry_glass
D:6:      layout_loops_cross, mainiacjoe_overflow_tiny_flanked,
          nicolae_ru_the_path_less_chosen, kennysheep_cross_room
D:7:      layout_basic, nicolae_tso_carved_into_rock, lemuel_tele_altar,
          dk_yredelemnul_ordeal, led_sif_book, okawaru_ov_weapons_minmay,
          trog_wizard, uniq_crazy_yiuf_cottage
D:8:      layout_rooms, serial_shops, shop
D:9:      layout_roguey, mainiacjoe_overflow_small_starburst, hiddenorc1_lemuel,
          dilly_guarded_unrand_elemental_staff, uniq_prince_ribbit1
D:10:     minmay_distorted_concentric_squares, layout_irregular_city,
          nicolae_qazlal_general_emergency, minivault_7
D:11:     minmay_razor_zed, layout_rooms, lair_entry_dummy, zin_treasury
D:12:     layout_gridville
D:13:     nzn_winding_woodlands_stair_trap [nzn_winding_woodlands_5x15_cabin,
          nzn_winding_woodlands_5x15_sidewinder,
          nzn_winding_woodlands_5x15_zeroes,
          nzn_winding_woodlands_15x15_thick_spiral,
          nzn_winding_woodlands_5x15_split_checker,
          nzn_winding_woodlands_5x15_garden,
          nzn_winding_woodlands_5x15_longhouse], layout_basic, uniq_maurice,
          uniq_kirke, uniq_rupert, uniq_frances, uniq_sonja
D:14:     layout_roguey, skrybe_vaults_entry_preservation,
          hangedman_decor_peaks_small
D:15:     grunt_enter_depths_snipers, layout_rooms, serial_shops,
          nicolae_shop_tiny_glass, shop
Lair:1:   layout_chaotic_city, grunt_megastairs_3, uniq_gastronok
Lair:2:   layout_roguey, chequers_serial_rivers_small_b, lemuel_old_faithful,
          grunt_megastairs_1, uniq_urug
Lair:3:   layout_chaotic_city, nicolae_shoals_entry_roost,
          minmay_snake_entry_guardpost_medium, lemuel_fruit_fields,
          serial_bayou_shore_a
Lair:4:   lemuel_reptile_caves, layout_concentric_octagons, lemuel_fruit_tree,
          uniq_nessos
Lair:5:   minmay_lair_end_enchanted_forest, layout_big_grid, slime_entry_1,
          serial_bayou_lagoon_b, grunt_megastairs_2
Shoals:1: cheibrodos_shoals_satyrical_garden, layout_shoals,
          nicolae_shoals_sun_and_surf, uniq_jorgrun
Shoals:2: layout_shoals, ebering_ghost_gozag, uniq_polyphemus
Orc:1:    layout_diamond_mine, serial_shops, shop, david_defended_altar_orc
Orc:2:    st_orc_town, layout_caves

Skill      XL: |  1  2  3  4  5  6  7  8  9 10 11 12 13 14 15 16 |
---------------+-------------------------------------------------+-----
Axes           | 4 5 7 8 10 12 15 17 19 20 21 22 | 22.8
Fighting       | 4 5 6 7 8 9 11 12 14 16 18 19 | 19.4
Armour         | 3 5 6 8 9 11 12 14 16 17 | 17.6
Stealth        | 1 2 3 |  3.1
Dodging        | 3 4 5 |  5.3
Evocations     | 1 2 |  2.3

Action                     |  1- 3 |  4- 6 |  7- 9 | 10-12 | 13-15 | 16-18 || total
---------------------------+-------+-------+-------+-------+-------+-------++-------
  Melee: Hand axe          |     8 |       |       |       |       |       ||     8
         War axe           |    66 |    33 |   220 |       |       |       ||   319
         Headbutt          |    11 |     2 |    41 |    64 |   124 |    19 ||   261
         Punch             |     1 |       |     4 |       |       |       ||     5
         Battleaxe         |       |       |     1 |   337 |   616 |   109 ||  1063
 Invoke: Berserk           |       |     2 |     1 |     9 |     9 |     1 ||    22
         Brothers in Arms  |       |       |       |     4 |     6 |     3 ||    13
  Evoke: Wand              |       |       |     1 |     3 |     9 |       ||    13
    Use: Scroll            |       |       |       |    27 |    11 |       ||    38
         Potion            |       |       |       |     5 |     5 |     1 ||    11
   Stab: Distracted        |       |       |       |       |     1 |       ||     1
 Armour: Ring mail         |     9 |       |       |       |       |       ||     9
         Scale mail        |    20 |    16 |    45 |       |       |       ||    81
         Plate armour      |       |       |   100 |   242 |   502 |    89 ||   933
  Dodge: Dodged            |    39 |    28 |   183 |   309 |   610 |    91 ||  1260
         Repelled          |       |       |       |       |     5 |     3 ||     8
